 Dungeon Sprint DCSS version 0.29-a0-96-g93358da72b (webtiles) character file.

Game seed: 6598576492697396897

10013 mhtbhm the Eclecticist (level 11, -5/87 HPs)
             Began as a Deep Elf Earth Elementalist on Feb 13, 2022.
             Was the Champion of Vehumet.
             Slain by an orc high priest (14 damage)
             ... in the Dungeon (Sprint IX: "|||||||||||||||||||||||||||||").
             The game lasted 00:10:54 (3749 turns).

mhtbhm the Eclecticist (DEEE)                       Turns: 3749, Time: 00:10:55

Health: -5/87      AC:  7    Str:  9    XL:     11   Next: 30%
Magic:  37/37      EV: 19    Int: 28    God:    Vehumet [******]
Gold:   1272       SH:  0    Dex: 15    Spells: 17/51 levels left

rFire   . . .      SeeInvis .   k - +2 halberd of the Jumping Queen {freeze, rC+ Str+4}
rCold   + . .      Faith    .   (shield currently unavailable)
rNeg    . . .      Spirit   .   b - +0 robe
rPois   .          Reflect  .   l - +2 hat {Will+}
rElec   .          Harm     .   s - +0 cloak
rCorr   .          Rampage  .   m - +0 pair of gloves
Will    ++...      NoTele   +   i - +0 pair of boots
Stlth   ..........              (no amulet)
HPRegen 0.24/turn               n - +2 ring of evasion
MPRegen 0.25/turn               o - +3 ring of intelligence

@: berserking (expiring), very quick
A: no striking features
a: Renounce Religion


You were in the Dungeon.
You worshipped Vehumet.
Vehumet was exalted by your worship.
You visited 1 branch You collected 1272 gold pieces.

Inventory:

Hand Weapons
 k - the +2 halberd of the Jumping Queen (weapon) {freeze, rC+ Str+4}
   (You found it in the Dungeon)

   It freezes those it strikes, dealing additional cold damage.
   It can also slow down cold-blooded creatures.
   Str:       It affects your strength (+4).
   rC:        It protects you from cold.
Armour
 b - a +0 robe (worn)
 i - a +0 pair of boots (worn)
 l - a +2 hat of willpower (worn)
 m - a +0 pair of gloves (worn)
 s - a +0 cloak (worn)
Jewellery
 n - a +2 ring of evasion (left hand)
 o - a +3 ring of intelligence (right hand)
Wands
 u - a wand of iceblast (6)
Scrolls
 e - 2 scrolls of amnesia
 h - 3 scrolls of blinking
 p - a scroll of fear
 q - 4 scrolls of enchant armour
 r - 2 scrolls of identify
Potions
 a - 2 potions of haste
 c - 5 potions of curing
 d - 5 potions of heal wounds
 f - 3 potions of magic
 t - a potion of attraction {unknown}


   Skills:
 + Level 2.5 Fighting
 + Level 4.0 Polearms
 + Level 9.4 Dodging
 + Level 10.4 Stealth
 + Level 20.6 Spellcasting
 + Level 8.1 Conjurations
 + Level 5.4 Transmutations
 + Level 4.2 Fire Magic
 + Level 18.1 Earth Magic
 + Level 4.5 Evocations


You had 17 spell levels left.
You knew the following spells:

 Your Spells              Type           Power      Damage    Failure   Level
a - Sandblast             Erth           100%       2d20      0%          1
b - Passwall              Tmut/Erth      63%        N/A       0%          2
c - Stone Arrow           Conj/Erth      100%       3d13      0%          3
d - Petrify               Tmut/Erth      76%        N/A       1%          4
e - Sticky Flame          Conj/Fire      59%        2d7       1%          4
f - Fireball              Conj/Fire      29%        3d13      1%          5
g - Ignition              Fire           25%        3d9       97%         8
h - Orb of Destruction    Conj           32%        9d10      11%         7

Your spell library contained the following spells:

 Spells                   Type           Power      Damage    Failure   Level
 Iron Shot                Conj/Erth      40%        9d8       1%          6
 Olgreb's Toxic Radiance  Pois           28%        N/A       4%          4
 Ozocubu's Refrigeration  Ice            14%        4d7       94%         7


Dungeon Overview and Level Annotations

Branches:
Dungeon (1/1)

Altars:
Cheibriados
Dithmenos
Elyvilon
Fedhas
Gozag
Hepliaklqana
Kikubaaqudgha
Makhleb
Nemelex Xobeh
Okawaru
Qazlal
Ru
Sif Muna
Trog
Uskayaw
Vehumet
Wu Jian
Xom
Yredelemnul
Zin
The Shining One
Beogh
Jiyva
Lugonu

Shops:
D (


Message History

Unknown command.
You slice the sun demon!! You freeze the sun demon!
The sun demon is severely wounded.
The sun demon misses you.
The orc high priest prays to Beogh. x2
The orc high priest hits you from afar with a +0 trident!
Unknown command.
You closely miss the sun demon.
The sun demon is severely wounded.
The sun demon hits you.
You are engulfed in flames!
Unknown command.
You closely miss the sun demon.
The sun demon is severely wounded.
The orc high priest calls down the wrath of Beogh upon you.
Beogh smites you!
* * * LOW HITPOINT WARNING * * *
The sun demon barely misses you.
Unknown command.
You puncture the sun demon! You freeze the sun demon.
You kill the sun demon!
The sun demon disappears in a puff of smoke!
The orc high priest completely misses you.
Unknown command.
The orc high priest calls down the wrath of Beogh upon you.
Beogh smites you!
* * * LOW HITPOINT WARNING * * *
There is an open door to Orc:2 here.
You completely miss the orc high priest.
Unknown command.
You puncture the orc high priest! You freeze the orc high priest.
The orc high priest is moderately wounded.
The orc high priest hits you with a +0 trident.
* * * LOW HITPOINT WARNING * * *
The orc high priest calls upon Beogh to heal the orc high priest.
The orc high priest is healed somewhat.
Unknown command.
You closely miss the orc high priest.
The orc high priest is moderately wounded.
The orc high priest hits you with a +0 trident!
You die...

▓.▓.▓.▓.▓_▓
▓.▓.▓.▓.▓_▓
▓.▓.▓.▓.▓_▓
▓.▓.▓.▓.▓_▓
▓.▓.▓.▓.▓_▓
▓.▓.▓.▓.▓_▓
▓.▓.▓.▓.▓_▓
▓.▓.▓.▓.▓_▓
▓@▓.▓.▓.▓_▓
▓o▓.▓'▓.▓'▓
▓o▓.▓.▓.▓.▓
▓o▓.▓.▓.▓.▓
▓o▓.▓.▓.▓)▓
▓o▓.▓.▓.▓.▓
▓o▓.▓.▓.▓)▓
▓4▓.▓.▓.▓)▓
▓.▓.▓.▓)▓


You could see 3 orc knights, 3 orc high priests and an ice devil (summoned).

Vanquished Creatures
  Gastronok (D)
  3 orc knights (D)
  A manticore (D)
  An oklob plant (D)
  2 cyclopes (D)
  An elephant (D)
  Maurice (D)
  A cane toad (D)
  A gargoyle (D)
  A kobold demonologist (D)
  A rime drake (D)
  A komodo dragon (D)
  A troll (D)
  A blink frog (D)
  A wraith (D)
  2 wyverns (D)
  5 yaks (D)
  A vampire mosquito (D)
  3 wargs (D)
  4 water moccasins (D)
  3 hell hounds (D)
  6 orc warriors (D)
  An ogre (D)
  A phantom (D)
  2 wolves (D)
  2 centaurs (D)
  A bullfrog (D)
  An orc priest (D)
  4 orc wizards (D)
  12 orcs (D)
  2 bat zombies (D)
  A giant cockroach (D)
  A goblin (D)
  A quokka (D)
  A ball python (D)
  A ball python skeleton (D)
  A bat (D)
74 creatures vanquished.

Vanquished Creatures (others)
  An orc warrior (D)
1 creature vanquished.

Grand Total: 75 creatures vanquished

Notes
Turn   | Place    | Note
-------+----------+-------------------------------------------
     0 | D        | mhtbhm the Deep Elf Earth Elementalist began the quest for
                  | the Orb.
     0 | D        | Reached XP level 1. HP: 10/10 MP: 6/6
   189 | D        | Noticed an orc wizard
   189 | D        | Noticed a phantom
   189 | D        | Noticed an ogre
   191 | D        | Killed an orc wizard
   192 | D        | Reached skill level 5 in Spellcasting
   192 | D        | Reached skill level 5 in Earth Magic
   192 | D        | Reached XP level 2. HP: 15/15 MP: 6/10
   192 | D        | Reached XP level 3. HP: 19/19 MP: 6/11
   195 | D        | Killed a phantom
   196 | D        | Reached skill level 7 in Spellcasting
   196 | D        | Reached XP level 4. HP: 24/24 MP: 2/15
   211 | D        | Killed an ogre
   212 | D        | Reached skill level 8 in Spellcasting
   212 | D        | Reached XP level 5. HP: 28/28 MP: 13/18
   227 | D        | Found a snail-covered altar of Cheibriados.
   227 | D        | Found a shadowy altar of Dithmenos.
   227 | D        | Found a white marble altar of Elyvilon.
   227 | D        | Found a blossoming altar of Fedhas.
   227 | D        | Found an opulent altar of Gozag.
   228 | D        | Found a hazy altar of Hepliaklqana.
   229 | D        | Found a viscous altar of Jiyva.
   230 | D        | Found an ancient bone altar of Kikubaaqudgha.
   231 | D        | Found a corrupted altar of Lugonu.
   232 | D        | Found a burning altar of Makhleb.
   233 | D        | Found a sparkling altar of Nemelex Xobeh.
   234 | D        | Found an iron altar of Okawaru.
   235 | D        | Found a stormy altar of Qazlal.
   236 | D        | Found a sacrificial altar of Ru.
   237 | D        | Found a shimmering blue altar of Sif Muna.
   238 | D        | Found a bloodstained altar of Trog.
   239 | D        | Found a hide-covered altar of Uskayaw.
   240 | D        | Found a radiant altar of Vehumet.
   241 | D        | Found an ornate altar of the Wu Jian Council.
   242 | D        | Found a shimmering altar of Xom.
   243 | D        | Found a basalt altar of Yredelemnul.
   246 | D        | Found a glowing silver altar of Zin.
   247 | D        | Found a glowing golden altar of the Shining One.
   250 | D        | Became a worshipper of Vehumet
   264 | D        | Got the +2 halberd of the Jumping Queen {freeze, rC+ Str+4}
   291 | D        | Learned a level 2 spell: Passwall
   295 | D        | Learned a level 3 spell: Stone Arrow
   300 | D        | Learned a level 4 spell: Petrify
   300 | D        | Noticed a kobold demonologist
   300 | D        | Noticed a gargoyle
   300 | D        | Noticed a troll
   300 | D        | Noticed an orc warrior
   300 | D        | Noticed a centaur
   304 | D        | Killed a kobold demonologist
   305 | D        | Reached skill level 5 in Dodging
   305 | D        | Reached skill level 5 in Stealth
   305 | D        | Reached skill level 11 in Spellcasting
   305 | D        | Reached skill level 1 in Conjurations
   305 | D        | Reached XP level 6. HP: 28/33 MP: 8/22
   314 | D        | Killed a troll
   314 | D        | Reached * piety under Vehumet
   314 | D        | Offered knowledge of Shock by Vehumet.
   315 | D        | Reached skill level 12 in Spellcasting
   315 | D        | Reached skill level 1 in Evocations
   315 | D        | Reached XP level 7. HP: 36/37 MP: 13/25
   317 | D        | Killed a gargoyle
   318 | D        | Reached skill level 13 in Spellcasting
   318 | D        | Reached XP level 8. HP: 41/42 MP: 14/27
   331 | D        | Noticed a cyclops
   331 | D        | Noticed a cyclops
   331 | D        | Noticed a manticore
   333 | D        | Reached ** piety under Vehumet
   334 | D        | Reached skill level 14 in Spellcasting
   335 | D        | Killed a cyclops
   336 | D        | Reached skill level 15 in Spellcasting
   337 | D        | Killed a cyclops
   340 | D        | Reached skill level 15 in Earth Magic
   340 | D        | Reached XP level 9. HP: 33/46 MP: 5/30
   456 | D        | Killed a manticore
   456 | D        | Reached *** piety under Vehumet
   456 | D        | Offered knowledge of Magic Dart by Vehumet.
   457 | D        | Reached skill level 16 in Spellcasting
   747 | D        | Noticed a rime drake
   747 | D        | Noticed a cane toad
   747 | D        | Noticed a komodo dragon
   750 | D        | Killed a rime drake
   750 | D        | Offered knowledge of Searing Ray by Vehumet.
   751 | D        | Reached skill level 17 in Spellcasting
   920 | D        | Offered knowledge of Sticky Flame by Vehumet.
   922 | D        | Killed a cane toad
   922 | D        | Reached **** piety under Vehumet
   923 | D        | Reached skill level 1 in Fighting
   993 | D        | Killed a komodo dragon
   994 | D        | Reached skill level 18 in Spellcasting
   997 | D        | Reached XP level 10. HP: 52/52 MP: 5/34
  1001 | D        | Reached ***** piety under Vehumet
  1177 | D        | Learned a level 4 spell: Sticky Flame
  1177 | D        | Noticed an elephant
  1182 | D        | Offered knowledge of Fireball by Vehumet.
  1185 | D        | Reached skill level 1 in Polearms
  1185 | D        | Reached skill level 5 in Conjurations
  1278 | D        | Learned a level 5 spell: Fireball
  1287 | D        | Learned a level 8 spell: Ignition
  1291 | D        | Offered knowledge of Iskenderun's Battlesphere by Vehumet.
  1491 | D        | Killed an elephant
  1492 | D        | Reached skill level 19 in Spellcasting
  1492 | D        | Reached skill level 1 in Fire Magic
  1668 | D        | Noticed an oklob plant
  1694 | D        | Killed an oklob plant
  1798 | D        | Offered knowledge of Orb of Destruction by Vehumet.
  2033 | D        | Learned a level 7 spell: Orb of Destruction
  2103 | D        | Noticed Gastronok
  2115 | D        | Killed Gastronok
  2279 | D        | Noticed Maurice
  2289 | D        | Killed Maurice
  2290 | D        | Reached skill level 20 in Spellcasting
  2290 | D        | Reached XP level 11. HP: 32/57 MP: 7/37
  2462 | D        | Offered knowledge of Irradiate by Vehumet.
  2478 | D        | Reached ****** piety under Vehumet
  2789 | D        | Noticed an orc knight
  2790 | D        | Offered knowledge of Lee's Rapid Deconstruction by Vehumet.
  2792 | D        | Noticed an orc knight
  2796 | D        | Killed an orc knight
  2796 | D        | Noticed an orc knight
  2961 | D        | Killed an orc knight
  2962 | D        | Reached skill level 10 in Stealth
  2962 | D        | Reached skill level 5 in Transmutations
  3183 | D        | Offered knowledge of Iron Shot by Vehumet.
  3559 | D        | Killed an orc knight
  3735 | D        | Found Zelel's Antique Weapon Emporium.
  3735 | D        | Noticed an orc high priest
  3735 | D        | Noticed an orc high priest
  3735 | D        | Noticed an orc knight
  3735 | D        | Noticed an orc knight
  3735 | D        | Noticed an orc high priest
  3736 | D        | Noticed a sun demon
  3740 | D        | Noticed an orc knight
  3749 | D        | Slain by an orc high priest

Illustrated notes

Levels and vault maps discovered:
D:        linesprint [early_d, line_temple, items_1, d_10, items_2, lair_1,
          lair_end, items_3, orc_1, orc_end, items_4, d_15, swamp_1, shoals_1,
          snake_1, spider_1, d_20, vaults_1, items_5, swamp_end, shoals_end,
          snake_end, spider_end, vaults_end, d_27, items_6, zot_1, zot_end,
          crypt_end, forest_end, elf_end, slime_end, tomb_end, abyss_end,
          pan_hell_end]

Skill      XL: |  1  2  3  4  5  6  7  8  9 10 11 |
---------------+----------------------------------+-----
Stealth        | 3 4 5 6 7 9 10 | 10.4
Earth Magic    | 5 7 9 11 12 13 15 16 17 18 | 18.1
Dodging        | 3 4 5 6 7 8 9 |  9.4
Spellcasting   | 5 7 8 11 12 13 15 18 20 | 20.6
Transmutations | 2 3 4 5 |  5.4
Conjurations   | 1 2 4 7 8 |  8.1
Evocations     | 1 3 4 |  4.5
Fighting       | 1 2 |  2.5
Polearms       | 3 4 |  4.0
Fire Magic     | 2 4 |  4.2

Action                   |  1- 3 |  4- 6 |  7- 9 | 10-12 || total
-------------------------+-------+-------+-------+-------++-------
Melee: Halberd           |       |       |       |    50 ||    50
 Cast: Sandblast         |    11 |     6 |    13 |       ||    30
       Stone Arrow       |       |     3 |    26 |    43 ||    72
       Petrify           |       |       |     4 |    19 ||    23
       Fireball          |       |       |       |    37 ||    37
       Sticky Flame      |       |       |       |     5 ||     5
       Orb of Destructio |       |       |       |     3 ||     3
Evoke: Wand              |       |     4 |     2 |     5 ||    11
  Use: Potion            |       |     3 |     1 |     4 ||     8
 Stab: Petrified         |       |       |       |    12 ||    12
Armor: Robe              |     2 |     5 |     1 |     6 ||    14
Dodge: Dodged            |     2 |    12 |    17 |    52 ||    83

Table legend: (Time is in decaauts)
 A = Elapsed time spent in this place.
 B = Non-inter-level travel time spent in this place.
 C = Inter-level travel time spent in this place.
 D = Time resting spent in this place.
 E = Time spent auto-exploring this place.
 F = Levels seen in this place.
 G = Mean time per level.
                   A        B        C        D        E       F      G
               +--------+--------+--------+--------+--------+-----+--------+
         Total |   3745 |   3745 |      0 |   2159 |    558 |   1 | 3745.0 |
       Dungeon |   3745 |   3745 |      0 |   2159 |    558 |   1 | 3745.0 |
               +--------+--------+--------+--------+--------+-----+--------+

Top non-repeatable levels by time:
       D: 3745 daAuts
